 Dungeon Crawl Stone Soup version 0.24-a0-250-g6074511092 (webtiles) character file.

Game seed: 11940067972545953232

11613 Redear the Brawler (level 11, -2/111 HPs)
             Began as a Troll Berserker on Apr 14, 2019.
             Was a High Priest of Trog.
             Slain by a wolf (11 damage)
             ... in an ice cave.
             The game lasted 00:43:17 (4902 turns).

Redear the Brawler (Troll Berserker)                Turns: 4902, Time: 00:43:18

Health: -2/111     AC:  7    Str: 23    XL:     11   Next: 51%
Magic:  10/10      EV: 11    Int:  3    God:    Trog [*****.]
Gold:   653        SH:  4    Dex: 12    Spells: 10/10 levels left

rFire    . . .     SeeInvis .     - Unarmed
rCold    + . .     Gourm    +   (no shield)
rNeg     . . .     Faith    .   C - +1 robe of Gizollid {rElec rPois Str-2 Stlth+}
rPois    +         Spirit   .   (helmet restricted)
rElec    +         Reflect  .   (no cloak)
rCorr    .         Harm     .   (gloves unavailable)
MR       ++...                  (boots unavailable)
Stlth    ++........             (no amulet)
HPRegen  1.68/turn              (no ring)
MPRegen  0.12/turn              (no ring)

@: berserk cooldown, regenerating, slowed, very slow
A: large, unfitting armour, claws 3, horns 1, large bone plates 1, cold
resistance 1, fast metabolism 3, gourmand, regeneration 1, shaggy fur 1, tough
skin 3, weak 1
a: Berserk, Trog's Hand, Brothers in Arms, Renounce Religion


You were in an ice cave.
You worshipped Trog.
Trog was extremely pleased with you.
You were very full.

You visited 1 branch of the dungeon, and saw 12 of its levels.
You also visited: Ossuary and Ice Cave.

You collected 653 gold pieces.

Inventory:

Hand Weapons
 q - a +1 hunting sling of flaming
 v - the +9 scythe of Midwinter {flame, +Inv, unknown}
   (You found it on level 9 of the Dungeon)

   It has been specially enchanted to burn those struck by it, causing extra
   injury to most foes and up to half again as much damage against particularly
   susceptible opponents.
   Big, fiery blades are also staple armaments of hydra-hunters.
   It lets you turn invisible.
 x - the cursed +0 long sword of Lij Join {distort, rF++ Int+5 Dex-2, unknown}
   (You found it on level 9 of the Dungeon)

   It warps and distorts space around it.
   Unwielding it can cause banishment or high damage.
   It affects your intelligence (+5).
   It affects your dexterity (-2).
   It greatly protects you from fire.
   It has a curse placed upon it.
Missiles
 l - 7 javelins of returning (quivered)
 t - 11 large rocks
 u - 8 javelins
 w - 12 stones
 y - 2 tomahawks
 Z - 2 throwing nets {+f}
Armour
 a - a +0 animal skin
 h - a +2 robe of positive energy {rN+}
 C - the +1 robe of Gizollid (worn) {rElec rPois Str-2 Stlth+}
   (You found it on level 12 of the Dungeon)

   It affects your strength (-2).
   It insulates you from electricity.
   It protects you from poison.
   It makes you more stealthy.
Magical Staves
 e - an uncursed staff of fire {unknown}
 f - an uncursed staff of cold {unknown}
 k - an uncursed staff of conjuration {unknown}
 r - an uncursed staff of power {unknown}
Wands
 c - a wand of random effects (29)
 I - a wand of iceblast (11)
 V - a wand of flame (10)
Scrolls
 j - a scroll of enchant weapon {unknown}
 m - 2 scrolls of amnesia {unknown}
 n - 2 scrolls of fear {unknown}
 s - a scroll of fog {unknown}
 B - 3 scrolls of blinking
 M - 2 scrolls of magic mapping
 N - 2 scrolls of remove curse
 T - 4 scrolls of teleportation {@r3}
Potions
 b - a potion of mutation {!q}
 d - a potion of flight {unknown}
 g - 2 potions of degeneration {!q}
 i - 2 potions of lignification {unknown}
 o - 2 potions of agility {unknown}
 H - 3 potions of haste {@q5}
 Q - 5 potions of curing
Comestibles
 z - 9 rations
 A - 2 chunks of flesh


   Skills:
 + Level 8.3 Fighting
 + Level 4.0 Dodging
 - Level 15.0 Unarmed Combat


You had 10 spell levels left.
You didn't know any spells.
Your spell library contained the following spells:

 Spells                   Type           Power        Failure   Level  Hunger
 Infusion                 Chrm           #...         52%         1    ##.....
 Magic Dart               Conj           #...         52%         1    ##.....
 Searing Ray              Conj           #.....       67%         2    ###....
 Shroud of Golubria       Chrm/Tloc      #.........   67%         2    ###....
 Song of Slaying          Chrm           #.......     67%         2    ###....
 Dazzling Spray           Conj/Hex       #.....       88%         3    ####...
 Ignite Poison            Fire/Tmut/Pois #.......     88%         3    ####...
 Regeneration             Chrm/Necr      #.........   88%         3    ####...
 Spectral Weapon          Hex/Chrm       #.......     88%         3    ####...
 Force Lance              Conj/Tloc      #.......     99%         4    #####..
 Fulminant Prism          Conj/Hex       #.........   99%         4    #####..
 Iskenderun's Mystic Bla  Conj           #.......     99%         4    #####..
 Fireball                 Conj/Fire      #.........   100%        5    ######.
 Bolt of Fire             Conj/Fire      #.........   100%        6    #######
 Ring of Flames           Chrm/Fire      #.........   100%        7    #######
 Ignition                 Fire           #.........   100%        8    #######


Dungeon Overview and Level Annotations

Branches:
Dungeon (12/15)              Lair (0/6) D:8             Orc (0/2) D:11
 Temple: D:4-7

Altars:
Ashenzari
Okawaru
Trog


Innate Abilities, Weirdness & Mutations

You are too large for most types of armour.
You have claws for hands.
Your metabolism is lightning-fast.
You like to eat raw meat.
Your natural rate of healing is unusually fast.
You are covered in fur. (AC +1)
You have extremely tough skin. (AC +3)
You have a pair of small horns on your head.
You are partially covered in large bone plates. (SH +4)
Your flesh is cold resistant. (rC+)
You are weak. (Str -2)


Message History

* * * LOW HITPOINT WARNING * * *
The wolf misses you.
You take 7 damage, and have 26/111 hp.
You claw the wolf! Your headbutt misses the wolf.
You claw the wolf, but do no damage.
The wolf is heavily wounded.
The wolf bites you.
* * * LOW HITPOINT WARNING * * *
The wolf bites you!
* * * LOW HITPOINT WARNING * * *
You take 13 damage, and have 13/111 hp.
Press: ? - help, v - describe, . - travel
Here: a wolf (heavily wounded)
The floor.
You closely miss the wolf.
The wolf is heavily wounded.
The wolf bites you.
* * * LOW HITPOINT WARNING * * *
The wolf bites you!
You die...

####.....#..##
#..∩##..####..#
∩..####..###..# ....#
#..##...##
...####...##...## ##
..####...####...# ..#
..##.÷.####.#.#####...#
.##.†.## #.#.##h..#
....†## ##...@# ...###
###### ####


You could see a wolf.

Vanquished Creatures
  A two-headed ogre (D:9)
  A deep elf mage (D:12)
  An ugly thing (D:12)
  2 cyclopes
  An ice statue (IceCv)
  2 rime drakes (D:12)
  A polar bear (IceCv)
  A hippogriff (D:10)
  4 wyverns
  2 hungry ghosts
  A soldier ant (D:12)
  3 wargs (D:8)
  A water moccasin (D:11)
  3 orc warriors
  4 phantoms
  3 sky beasts
  2 black bears (D:12)
  3 wolves (IceCv)
  6 ogres
  5 centaurs
  2 big kobolds
  7 bullfrogs
  3 water moccasin zombies (Ossuary)
  A water moccasin skeleton (D:8)
  2 scorpions
  6 wights
  4 killer bees (D:8)
  5 crimson imps
  A bullfrog zombie (D:9)
  4 hounds
  A centaur skeleton (D:10)
  A jelly (D:7)
  15 orc wizards
  12 orc priests
  2 iguanas (D:7)
  4 worker ants
  2 big kobold zombies (Ossuary)
  A hound zombie (D:9)
  A worker ant zombie (D:9)
  3 mummies
  4 gnolls (D:9)
  12 adders
  A shadow imp (D:9)
  An ooze (D:6)
  5 adder zombies
  2 adder skeletons (D:5)
  A worm (D:5)
  4 dart slugs
  7 leopard geckos
  47 orcs
  A ball python (D:5)
  2 giant cockroaches
  3 gnoll zombies (Ossuary)
  2 goblins (D:1)
  3 hobgoblins
  15 kobolds
  5 quokkas
  5 bats
  2 frilled lizards
  3 hobgoblin zombies (Ossuary)
  A jackal skeleton (D:5)
  8 kobold zombies (Ossuary)
  5 orc zombies (Ossuary)
  A quokka skeleton (D:5)
  A quokka zombie (D:9)
  5 rats
270 creatures vanquished.

Vanquished Creatures (collateral kills)
  Harold (D:11)
  2 two-headed ogres (D:9)
  A troll (D:11)
  A sky beast (D:9)
  An orc warrior (D:11)
  An ogre (D:9)
  A centaur (D:9)
  A big kobold (D:9)
  3 orc priests (D:11)
  13 orcs (D:11)
  A quokka skeleton (D:9)
26 creatures vanquished.

Grand Total: 296 creatures vanquished

Notes
Turn   | Place    | Note
-------+----------+-------------------------------------------
     0 | D:1      | Redear the Troll Berserker began the quest for the Orb.
     0 | D:1      | Reached XP level 1. HP: 22/22 MP: 0/0
   268 | D:1      | Reached XP level 2. HP: 29/29 MP: 1/1
   298 | D:2      | Found an iron altar of Okawaru.
   368 | D:2      | Found a bloodstained altar of Trog.
   375 | D:2      | Reached skill level 3 in Fighting
   375 | D:2      | Reached XP level 3. HP: 32/37 MP: 2/2
   487 | D:3      | Reached skill level 4 in Unarmed Combat
   487 | D:3      | Reached XP level 4. HP: 45/45 MP: 3/3
   491 | D:3      | Noticed a sky beast
   526 | D:3      | Killed a sky beast
   526 | D:3      | Reached XP level 5. HP: 21/54 MP: 4/4
   543 | D:3      | Reached skill level 4 in Fighting
   547 | D:3      | Reached ** piety under Trog
   612 | D:4      | Noticed an ogre
   621 | D:4      | Killed an ogre
   621 | D:4      | Reached skill level 5 in Unarmed Combat
   621 | D:4      | Reached XP level 6. HP: 56/63 MP: 5/5
   798 | D:5      | Entered Level 5 of the Dungeon
  1195 | D:6      | Found a sand-covered staircase.
  1205 | Ossuary  | Entered an ossuary
  1239 | Ossuary  | Reached skill level 6 in Unarmed Combat
  1273 | Ossuary  | Reached *** piety under Trog
  1273 | Ossuary  | Reached skill level 5 in Fighting
  1273 | Ossuary  | Reached XP level 7. HP: 70/72 MP: 6/6
  1385 | Ossuary  | Paralysed by fainting for 11 turns
  1408 | Ossuary  | Paralysed by fainting for 8 turns
  1687 | D:7      | Reached skill level 7 in Unarmed Combat
  1688 | D:7      | Received a gift from Trog
  1746 | D:7      | Reached skill level 6 in Fighting
  1746 | D:7      | Reached XP level 8. HP: 34/83 MP: 7/7
  1804 | D:7      | Found a shattered altar of Ashenzari.
  2145 | D:6      | Reached **** piety under Trog
  2208 | D:6      | Reached skill level 8 in Unarmed Combat
  2354 | D:5      | You fall through a shaft!
  2393 | D:6      | Gained mutation: You are frail. (-10% HP) [potion of
                  | mutation]
  2393 | D:6      | Gained mutation: You possess an exceptional clarity of
                  | mind. [potion of mutation]
  2401 | D:7      | Lost mutation: You possess an exceptional clarity of mind.
                  | [potion of mutation]
  2401 | D:7      | Lost mutation: You are frail. (-10% HP) [potion of
                  | mutation]
  2401 | D:7      | Gained mutation: You have a pair of small horns on your
                  | head. [potion of mutation]
  2401 | D:7      | Gained mutation: You are weak. (Str -2) [potion of
                  | mutation]
  2401 | D:7      | Gained mutation: You are partially covered in large bone
                  | plates. (SH +4) [potion of mutation]
  2401 | D:7      | Gained mutation: Your flesh is cold resistant. (rC+)
                  | [potion of mutation]
  2462 | D:7      | Reached skill level 7 in Fighting
  2557 | D:8      | Reached XP level 9. HP: 91/93 MP: 8/8
  2597 | D:8      | Received a gift from Trog
  2597 | D:8      | Reached skill level 9 in Unarmed Combat
  2794 | D:8      | Found a staircase to the Lair.
  2831 | D:8      | Reached skill level 10 in Unarmed Combat
  3251 | D:9      | Reached skill level 11 in Unarmed Combat
  3253 | D:9      | Got a brightly glowing scythe
  3327 | D:9      | Noticed a two-headed ogre
  3345 | D:9      | Killed a two-headed ogre
  3345 | D:9      | Reached skill level 12 in Unarmed Combat
  3345 | D:9      | Reached XP level 10. HP: 43/102 MP: 9/9
  3378 | D:9      | Noticed a two-headed ogre
  3384 | D:9      | Killed a two-headed ogre
  3388 | D:9      | Noticed a two-headed ogre
  3393 | D:9      | Killed a two-headed ogre
  3581 | D:9      | Got an ancient long sword
  3602 | D:9      | Reached skill level 13 in Unarmed Combat
  3765 | D:10     | Entered Level 10 of the Dungeon
  4034 | D:10     | Reached ***** piety under Trog
  4101 | D:10     | Paralysed by fainting for 9 turns
  4125 | D:10     | Noticed a cyclops
  4132 | D:10     | Killed a cyclops
  4167 | D:10     | Reached skill level 14 in Unarmed Combat
  4293 | D:11     | Noticed Harold
  4314 | D:11     | Killed Harold
  4314 | D:11     | Reached XP level 11. HP: 55/109 MP: 10/10
  4352 | D:11     | Found a staircase to the Orcish Mines.
  4445 | D:12     | Noticed a brown ugly thing
  4452 | D:12     | Killed a brown ugly thing
  4553 | D:11     | Received a gift from Trog
  4672 | D:11     | Reached skill level 15 in Unarmed Combat
  4712 | D:12     | Got a distressingly furry robe
  4713 | D:12     | Identified the +1 robe of Gizollid {rElec rPois Str-2
                  | Stlth+} (You found it on level 12 of the Dungeon)
  4771 | D:12     | Noticed a deep elf mage
  4784 | D:12     | Killed a deep elf mage
  4784 | D:12     | Reached skill level 3 in Dodging
  4810 | D:12     | Found a frozen archway.
  4820 | D:12     | Reached skill level 8 in Fighting
  4830 | IceCv    | Entered an ice cave
  4876 | IceCv    | Reached skill level 4 in Dodging
  4877 | IceCv    | HP: 13/166 [something (6)]
  4902 | IceCv    | HP: 9/111 [wolf (6)]
  4902 | IceCv    | Slain by a wolf

Levels and vault maps discovered:
D:1:      dpeg_arrival_short_road, layout_basic, chequers_serial_rivers_marsh
D:2:      kennysheep_six_static_rooms, layout_loops_ring, lemuel_crystal_altar,
          lemuel_blue_sif_altar, lemuel_crystal_altar, uniq_terence
D:3:      layout_basic, first_ration, hangedman_decor_slide_cut,
          makhleb_blood_cavern_becter
D:4:      layout_loops_ring, marbit_many_paths, overflow_temple_1_default,
          guppyfry_shop_venom, uniq_sigmund, uniq_edmund
D:5:      layout_gridville, lemuel_flame_loot_1, uniq_eustachio, uniq_grinder,
          uniq_ijyb
D:6:      layout_layer_cave, minmay_temple_entry_steel_oval,
          gup_ossuary_entry_pyramid
D:7:      minmay_recursive_quarters, layout_layer_cave,
          overflow_temple_1_default, kennysheep_mini_moat
D:8:      layout_loops_ring, erik_lair_orcish_takeover, the_bakery,
          kennysheep_generic_room_3
D:9:      minmay_the_grid_octo_tiled_squarecenter
          [minmay_the_grid_octo_fat_diamond, minmay_the_grid_octo_checkerflower,
          minmay_the_grid_octo_focus, minmay_the_grid_octo_empty,
          minmay_the_grid_square_5x5_megaprize_hollow,
          minmay_the_grid_square_5x5_intrusive_squares,
          minmay_the_grid_square_5x5_almost_minimal,
          minmay_the_grid_square_5x5_two_walls_b,
          minmay_the_grid_square_5x5_inner_v], layout_loops_ring,
          minmay_misc_feat_cross
D:10:     layout_cave_pods
D:11:     layout_irregular_city, hiddenorc2_lemuel, uniq_harold
D:12:     layout_gridville, portal_ice_cave_rime, uniq_urug, uniq_sonja
Ossuary:  ossuary_tomb_2
IceCv:    ice_cave_caverns_03

Skill      XL: |  1  2  3  4  5  6  7  8  9 10 11 |
---------------+----------------------------------+-----
Fighting       | 3 4 5 6 7 8 |  8.3
Unarmed Combat | 4 5 6 7 8 12 14 15 | 15.0
Dodging        | 4 |  4.0

Action                   |  1- 3 |  4- 6 |  7- 9 | 10-12 || total
-------------------------+-------+-------+-------+-------++-------
Melee: Unarmed           |    69 |   145 |   348 |   331 ||   893
       Punch             |       |     3 |    12 |    13 ||    28
       Headbutt          |       |       |    20 |    52 ||    72
Throw: Javelin           |       |       |     2 |       ||     2
Invok: Berserk           |       |     3 |     4 |     1 ||     8
       Trog's Hand       |       |       |     3 |     6 ||     9
       Brothers in Arms  |       |       |       |     2 ||     2
  Use: Scroll            |       |     4 |     4 |     5 ||    13
       Potion            |       |       |     3 |       ||     3
 Stab: Sleeping          |       |       |       |     1 ||     1
  Eat: Chunk             |       |     7 |    24 |    21 ||    52
       Ration            |       |     1 |     1 |     2 ||     4
Armor: Animal skin       |    27 |    57 |    92 |       ||   176
       Robe              |       |       |     9 |   105 ||   114
Dodge: Dodged            |    31 |    74 |   168 |   115 ||   388
Block: Other             |       |       |    19 |    37 ||    56

Table legend:
 A = Non-vault XP
 B = Vault XP
 C = Vault XP percentage of total XP
 D = Non-vault monster count
 E = Vault monster count
 F = Vault count percentage of total count
                 A         B        C        D         E       F
            +---------+---------+-------+---------+---------+-------
      Total |    9885 |    6705 |  40.4 |     206 |      90 |  30.4
            +---------+---------+-------+---------+---------+-------
        D:1 |      13 |       0 |   0.0 |       9 |       0 |   0.0
        D:2 |      56 |       0 |   0.0 |      16 |       0 |   0.0
        D:3 |     219 |       0 |   0.0 |      16 |       0 |   0.0
        D:4 |     141 |       0 |   0.0 |       5 |       0 |   0.0
        D:5 |     430 |       0 |   0.0 |      22 |       0 |   0.0
        D:6 |     285 |      16 |   5.3 |      19 |       1 |   5.0
        D:7 |     708 |     128 |  15.3 |      16 |       2 |  11.1
        D:8 |    1403 |     649 |  31.6 |      18 |       9 |  33.3
        D:9 |     956 |    2983 |  75.7 |      23 |      19 |  45.2
       D:10 |    2189 |       0 |   0.0 |      21 |       0 |   0.0
       D:11 |    1100 |     773 |  41.3 |      26 |      22 |  45.8
       D:12 |    2385 |     709 |  22.9 |      15 |       2 |  11.8
    Ossuary |       0 |     368 | 100.0 |       0 |      30 | 100.0
      IceCv |       0 |    1079 | 100.0 |       0 |       5 | 100.0
            +---------+---------+-------+---------+---------+-------
